 Dungeon Crawl Stone Soup version 0.11.3 (console) character file.

493 Lightli the Magician (level 6, 0/43 HPs)
             Began as a Vampire Stalker on June 29, 2022.
             Was an Initiate of Kikubaaqudgha.
             Succumbed to a scorpion's poison
             ... in the Ecumenical Temple.
             The game lasted 00:09:43 (3727 turns).

Lightli the Magician (Vampire Stalker)              Turns: 3727, Time: 00:09:43

HP   0/43        AC  5     Str  9      XL: 6   Next:  0%
MP  14/14        EV 21     Int 16      God: Kikubaaqudgha [......]
Gold 210         SH  0     Dex 20      Spells:  2 memorised, 12 levels left

Res.Fire  : + . .   See Invis. : +   a - +2,+3 dagger (curse) {=f}
Res.Cold  : + . .   Warding    : .   b - +0 robe
Life Prot.: + . .   Conserve   : .   (no shield)
Res.Poison: +       Res.Corr.  : .   (no helmet)
Res.Elec. : +       Clarity    : .   c - +2 cloak
Sust.Abil.: . .     Spirit.Shd : .   (no gloves)
Res.Mut.  : .       Stasis     : .   (no boots)
Res.Rott. : .       Ctrl.Telep.: .   (no amulet)
Saprovore : . . .   Levitation : .   q - ring of protection from magic Ctrl.Flight: .
                                     t - cursed +3 ring of evasion

@: agile, mildly poisoned, very slightly contaminated, quite resistant to
hostile enchantments, very stealthy
A: bottle blood, fangs 3, see invisible, unbreathing
a: Bat Form, Bottle Blood, Renounce Religion


You were in the Ecumenical Temple.
You worshipped Kikubaaqudgha.
Kikubaaqudgha was noncommittal.
You were not thirsty.

You visited 2 branches of the dungeon, and saw 5 of its levels.

You collected 190 gold pieces.

Inventory:

Hand weapons
 a - a cursed +2,+3 dagger (weapon) {=f}
Armour
 b - a +0 robe (worn)
 c - a +2 cloak (worn)
Magical devices
 g - a wand of flame (10)
Scrolls
 j - a scroll of random uselessness
 m - a scroll of curse weapon
Jewellery
 o - an uncursed amulet of stasis
 q - a ring of protection from magic (right hand)
 t - a cursed +3 ring of evasion (left hand)
Potions
 e - 3 potions of confusion
Books
 d - a book of Stalking

   Spells                             Type                      Level
   *Fulsome Distillation              Transmutation/Necromancy     1
   *Evaporate                         Fire/Transmutation           2
   Passwall                           Transmutation/Earth          3
   Petrify                            Transmutation/Earth          4
   Dig                                Transmutation/Earth          4


   Skills:
 - Level 0.8 Fighting
 - Level 1.1 Short Blades
 - Level 2.1 Dodging
 - Level 3.0 Stealth
 - Level 2.1 Stabbing
 - Level 5.0 Spellcasting
 + Level 2.3 Necromancy
 - Level 2.1 Transmutations


You had 12 spell levels left.
You knew the following spells:

 Your Spells              Type           Power        Failure   Level  Hunger
a - Fulsome Distillation  Trmt/Necr      N/A          8%          1    None
b - Evaporate             Fire/Trmt      ##.....      17%         2    #......


Dungeon Overview and Level Annotations

Branches:
Dungeon (4/27)             Temple (1/1) D:4

Altars:
Ashenzari
Cheibriados
Elyvilon
Fedhas
Kikubaaqudgha
Makhleb
Nemelex Xobeh
Okawaru
Trog
Vehumet
Yredelemnul
Zin
the Shining One

Annotations
D:3 Grinder


Innate Abilities, Weirdness & Mutations

You can bottle blood from corpses.
You have razor-sharp teeth.*
You have supernaturally acute eyesight.
You can survive without breathing.*


Message History

* * * LOW HITPOINT WARNING * * *
You feel sick.
You start resting.
* * * LOW HITPOINT WARNING * * *
You feel sick.
You start resting.
* * * LOW HITPOINT WARNING * * *
You feel sick.
Drink which item? (? for menu, Esc to quit)
You feel more agile all of a sudden.
* * * LOW HITPOINT WARNING * * *
You feel sick.
Unknown command.
Drink which item? (? for menu, Esc to quit)
Magic courses through your body.
Drink which item? (? for menu, Esc to quit)
You feel protected.
You are very lightly contaminated with residual magic.
You die...
Kikubaaqudgha rasps: "You have failed me!
Welcome... oblivion!"

♣♣♣♣♣♣♣♣♣♣.......
♣♣♣♣♣♣♣♣♣....P....
♣♣♣....P....P.....
♣♣♣♣.....<..........
♣♣♣♣♣♣♣..P.....P...♣..
♣♣♣♣...............P..
♣♣♣......P..P..........
♣♣♣...........♣♣♣.......
♣♣....P@..PP...♣..P..P..
♣♣.........P........♣...
♣♣♣♣...................P
♣♣♣♣♣♣♣♣.......


PPPP... ♣♣♣♣♣♣♣♣♣♣... PP♣♣♣♣ ♣♣♣♣♣♣ ♣♣♣♣♣ There were no monsters in sight!

Vanquished Creatures
  A sky beast (D:4)
  A scorpion (D:4)
  An orc wizard (D:3)
  2 gnolls (D:4)
  5 adders
  A giant mite (D:3)
  A giant eyeball (D:4)
  7 giant geckos
  4 orcs (D:3)
  4 giant cockroaches
  10 hobgoblins
  4 jackals (D:2)
  An ooze (D:2)
  2 quokkas
  5 bats
  2 giant newts
  6 goblins
  3 kobolds
  4 rats
64 creatures vanquished.

Vanquished Creatures (others)
  A giant newt (D:3)
  A rat (D:2)
  2 toadstools (D:2)
4 creatures vanquished.

Grand Total: 68 creatures vanquished

Notes
Turn   | Place    | Note
--------------------------------------------------------------
     0 | D:1      | Lightli, the Vampire Stalker, began the quest for the Orb.
     0 | D:1      | Reached XP level 1. HP: 15/15 MP: 2/2
   370 | D:1      | Reached XP level 2. HP: 21/21 MP: 3/3
   560 | D:1      | Learned a level 2 spell: Evaporate
  1075 | D:2      | Reached XP level 3. HP: 26/26 MP: 6/6
  2200 | D:2      | Reached XP level 4. HP: 32/32 MP: 8/8
  2534 | D:3      | Noticed Grinder
  2824 | D:3      | Reached skill level 4 in Spellcasting
  2913 | D:3      | Found a white marble altar of Elyvilon.
  3040 | D:3      | Paralysed by a potion of paralysis for 2 turns
  3044 | D:3      | Paralysed by Grinder for 7 turns
  3201 | D:4      | Noticed a sky beast
  3234 | D:4      | Killed a sky beast
  3234 | D:4      | Reached XP level 5. HP: 31/37 MP: 10/12
  3248 | D:4      | Reached skill level 5 in Spellcasting
  3377 | D:4      | Paralysed by a giant eyeball for 3 turns
  3383 | D:4      | Reached skill level 1 in Necromancy
  3387 | D:4      | Paralysed by a giant eyeball for 3 turns
  3605 | D:4      | Found a staircase to the Ecumenical Temple.
  3615 | Temple   | Entered the Ecumenical Temple
  3657 | Temple   | Became a worshipper of Kikubaaqudgha
  3677 | D:4      | Reached XP level 6. HP: 24/43 MP: 11/14
  3723 | Temple   | HP: 2/43 [poisoned by a scorpion]
  3727 | Temple   | Succumbed to a scorpion's poison
